Capitals vs Rangers

Created - Monday, March 30, 2015 at 00:20

Goals
1 2 3 T
Capitals 1 0 1 2
Rangers 2 4 2 8
Shots
1 2 3 T
Capitals 13 4 7 24
Rangers 9 15 9 33

1st period

1. Rangers , Jeff Halpern 7 (Jamie McBain, Jay McClement) at 7:18
2. Capitals , Eric Gelinas 20 (Luke Adam, Sebastian Stalberg) at 9:40
3. Rangers , Jeff Skinner 23 (Kevin Shattenkirk) at 12:47 (PP)

Penalties :
Brad Mills (Was) for Holding (Minor) at 12:01, Justin Falk (NYR) for Roughing (Minor) at 14:34

2nd period

4. Rangers , Jamie McBain 7 (Logan Couture, Zach Parise) at 1:51 (SH)
5. Rangers , Jeff Skinner 24 (Daniel Sedin, Kevin Shattenkirk) at 3:15 (SH)
6. Rangers , Jeff Skinner 25 (Kevin Bieksa, Kevin Shattenkirk) at 15:54 (PP)
7. Rangers , Nikita Nikitin 2 (Jamie McBain) at 16:22

Penalties :
Tanner Glass (NYR) for Hooking (Minor) at 1:39, Matt Taormina (Was) for Elbowing (Minor) at 15:09

3rd period

8. Rangers , Nathan Gerbe 18 (Logan Couture) at 0:24
9. Capitals , Brad Mills 2 (Zachery Davies, Tyler Brown) at 2:39
10. Rangers , Jay McClement 13 (Philip Larsen, Jeff Halpern) at 15:09

Penalties :
Brett Clark (Was) for Tripping (Minor) at 12:22, Eric Gelinas (Was) for High sticking (Minor) at 18:53

Goalie Stats

Cristopher Nilstorp (Was), 17 saves from 21 shots - (0.810), 36:45 minutes
Jacob Markstrom (Was), 8 saves from 12 shots - (0.667), L, 4-15-0, 23:15 minutes
Tom McCollum (NYR), 22 saves from 24 shots - (0.917), W, 6-9-0, 60:00 minutes

Players Stats for Capitals

Player Name              G  A  P  +/- PIM S  H  SB GA TA FO     MP     PP MP  PK MP  
------------------------------------------------------------------------------------
Ben Youds                0  0  0   0  0   1  1  1  0  2  0/0    13:43   0:00   0:00 
Brad Mills               1  0  1   1  2   2  2  1  2  2  0/0    17:28   0:00   1:22 
Brett Clark              0  0  0  -3  2   0  1  1  0  2  0/0    24:06   3:23   1:02 
Chris Bruton             0  0  0   0  0   0  0  0  0  0  0/0     0:00   0:00   0:00 
Cory Emmerton            0  0  0  -2  0   1  2  1  1  1  6/21   21:18   2:37   3:10 
David McIntyre           0  0  0  -2  0   3  2  0  0  2  1/1    19:01   1:21   0:00 
Eric Gelinas             1  0  1  -3  2   6  1  3  1  0  0/0    25:23   3:23   2:45 
Eric O'Dell              0  0  0  -3  0   0  0  1  1  0  2/2    16:02   2:37   0:42 
Jeremy Langlois          0  0  0   1  0   0  1  1  0  1  0/0    16:23   0:00   0:00 
Jesse Root               0  0  0   0  0   0  0  0  0  0  0/0     0:00   0:00   0:00 
Kyle Jean                0  0  0   0  0   0  1  0  0  0  1/6     7:44   0:00   0:57 
Linus Omark              0  0  0  -3  0   2  1  0  0  0  0/0    21:27   2:37   3:01 
Luke Adam                0  1  1  -2  0   3  4  0  4  0  2/10   19:17   1:21   0:00 
Mark Flood               0  0  0  -1  0   0  1  1  2  2  0/0    20:37   0:35   1:35 
Matt Taormina            0  0  0  -1  2   0  2  5  1  1  0/0    19:51   0:35   0:50 
Sebastian Stalberg       0  1  1  -2  0   4  2  0  1  1  0/0    19:01   1:21   0:00 
Tyler Brown              0  1  1   1  0   2  0  0  0  3  3/10   16:54   0:00   0:00 
Zachery Davies           0  1  1  -1  0   0  2  0  0  1  0/0    17:05   0:00   3:00 

Players Stats for Rangers

Player Name              G  A  P  +/- PIM S  H  SB GA TA FO     MP     PP MP  PK MP  
------------------------------------------------------------------------------------
Daniel Sedin             0  1  1   1  0   1  1  1  7  0  2/2    19:57   2:18   0:42 
Denis Grebeshkov         0  0  0   1  0   2  1  0  0  1  0/0    13:00   0:00   0:00 
Jamie McBain             1  2  3   2  0   3  1  2  1  1  0/0    19:40   1:18   1:38 
Jay McClement            1  1  2   1  0   3  1  1  1  1  8/11   15:31   0:01   0:00 
Jeff Halpern             1  1  2   1  0   2  1  0  3  0  0/0    14:58   0:00   0:00 
Jeff Skinner             3  0  3   1  0   4  0  0  5  0  7/13   19:57   2:18   0:42 
Justin Falk              0  0  0  -1  2   1  0  0  0  0  0/0     5:17   0:00   0:00 
Kevin Bieksa             0  1  1   1  0   0  4  1  1  1  0/0    27:20   3:18   2:20 
Kevin Shattenkirk        0  3  3   2  0   1  2  4  1  0  0/0    22:10   3:18   2:20 
Kyle Brodziak            0  0  0   0  0   0  1  0  0  1  2/2     6:26   0:00   0:00 
Kyle Palmieri            0  0  0   0  0   2  1  0  3  0  0/0     6:26   0:00   0:00 
Logan Couture            0  2  2   2  0   8  0  1  3  0  10/12  19:08   2:18   3:16 
Nathan Gerbe             1  0  1   1  0   1  0  0  2  1  1/2    16:16   2:18   0:00 
Nikita Nikitin           1  0  1   2  0   1  1  2  0  0  0/0    19:40   1:18   1:38 
Philip Larsen            0  1  1   1  0   0  0  0  0  0  0/0    13:00   0:00   0:00 
Tanner Glass             0  0  0   1  2   1  5  1  0  1  0/0    14:31   0:00   0:00 
Todd Bertuzzi            0  0  0   0  0   1  2  0  1  0  0/0    19:15   2:18   0:00 
Zach Parise              0  1  1   2  0   2  3  0  1  0  5/8    23:28   2:17   3:16 

3 Stars

1 - Jeff Skinner (NYR)
2 - Jamie McBain (NYR)
3 - Kevin Shattenkirk (NYR)

Power Play

Capitals - 0 on 2 Attempt(s) - 0.00%
Rangers - 2 on 4 Attempt(s) - 50.00%

Penalty Kill

Capitals - 2 on 4 Attempt(s) - 50.00% - Score 0 goal in Penalty Kill
Rangers - 2 on 2 Attempt(s) - 100.00% - Score 2 goal in Penalty Kill

Team Stat

Capitals - Hits : 23 - Faceoff Wins : 15 - Blocked Shots : 15 - Penalty Minutes : 8
Rangers - Hits : 24 - Faceoff Wins : 35 - Blocked Shots : 13 - Penalty Minutes : 4

Official

Referees : Unknown
Linesman : Unknown

Game Notes

Cristopher Nilstorp enters game at 3:15 of 2nd period
Jeff Skinner has scored a Hat Trick!

Finance

Level 1 -- Attendance: 6000 (100.00%) -- Ticket Income $510,000
Level 2 -- Attendance: 4561 (91.22%) -- Ticket Income $205,245
Level 3 -- Attendance: 2000 (100.00%) -- Ticket Income $58,000
Level 4 -- Attendance: 3835 (95.88%) -- Ticket Income $57,525
Luxury Box -- Attendance: 938 (93.80%) -- Ticket Income $167,902
Game was played at the Madison Square Garden'
Total Attendance: 17334 (96.30%)
Total Ticket Income: $998,672
Other Income: $489,349
Total Income: $1,488,021

Capitals

5 vs 5 Forward 
   Center                   Left Wing                Right Wing               Time % Phy DF OF 
 1 Cory Emmerton            Linus Omark              Eric O'Dell              35     1   2  2  
 2 Luke Adam                David McIntyre           Sebastian Stalberg       30     1   2  2  
 3 Tyler Brown              Brad Mills               Jeremy Langlois          22     1   2  2  
 4 Kyle Jean                Cory Emmerton            Linus Omark              13     1   2  2  

5 vs 5 Defense 
   Defense                  Defense                                           Time % Phy DF OF 
 1 Brett Clark              Eric Gelinas                                      35     1   2  2  
 2 Mark Flood               Matt Taormina                                     30     1   2  2  
 3 Ben Youds                Zachery Davies                                    22     1   2  2  
 4 Brett Clark              Eric Gelinas                                      13     1   2  2  

PowerPlay Forward 
   Center                   Left Wing                Right Wing               Time % Phy DF OF 
 1 Cory Emmerton            Linus Omark              Eric O'Dell              60     1   2  2  
 2 Luke Adam                David McIntyre           Sebastian Stalberg       40     1   2  2  

PowerPlay Defense
   Defense                  Defense                                           Time % Phy DF OF 
 1 Brett Clark              Eric Gelinas                                      60     1   2  2  
 2 Mark Flood               Matt Taormina                                     40     1   2  2  

Penalty Kill 4 Players Forward 
   Center                   Wing                     Time % Phy DF OF 
 1 Cory Emmerton            Linus Omark              60     1   2  2  
 2 Luke Adam                Eric O'Dell              40     1   2  2  

Penalty Kill 4 Players Defense
   Defense                  Defense                  Time % Phy DF OF 
 1 Brett Clark              Eric Gelinas             60     1   2  2  
 2 Mark Flood               Matt Taormina            40     1   2  2  

Penalty Kill - 3 Players Forward 
   Forward                                           Time % Phy DF OF 
 1 Cory Emmerton                                     60     1   2  2  
 2 Linus Omark                                       40     1   2  2  

Penalty Kill - 3 Players Defense
   Defense                  Defense                  Time % Phy DF OF 
 1 Brett Clark              Eric Gelinas             60     1   2  2  
 2 Mark Flood               Matt Taormina            40     1   2  2  

4 vs 4 Forward 
   Center                   Wing                     Time % Phy DF OF 
 1 Cory Emmerton            Linus Omark              60     1   2  2  
 2 Luke Adam                Eric O'Dell              40     1   2  2  

4 vs 4 Defense
   Defense                  Defense                  Time % Phy DF OF 
 1 Brett Clark              Eric Gelinas             60     1   2  2  
 2 Mark Flood               Matt Taormina            40     1   2  2  

Last Minutes Offensive
   Center                   Left Wing                Right Wing               Defense                  Defense                  
   Cory Emmerton            Linus Omark              Eric O'Dell              Brett Clark              Eric Gelinas             

Last Minutes Defensive
   Center                   Left Wing                Right Wing               Defense                  Defense                  
   Cory Emmerton            Linus Omark              Eric O'Dell              Brett Clark              Eric Gelinas             

Goaltenders
Starting : Jacob Markstrom          
Backup : Cristopher Nilstorp      

Extra Forwards
Normal : Tyler Brown, Brad Mills, Kyle Jean - PP : Tyler Brown, Brad Mills - PK : Kyle Jean
Extra Defensemen
Normal : Ben Youds, Zachery Davies, Mark Flood - PP : Ben Youds - PK : Zachery Davies, Mark Flood
Penalty Shots
Cory Emmerton, Linus Omark, Luke Adam, Eric O'Dell, David McIntyre

Rangers

5 vs 5 Forward 
   Center                   Left Wing                Right Wing               Time % Phy DF OF 
 1 Logan Couture            Zach Parise              Nathan Gerbe             35     1   2  2  
 2 Jeff Skinner             Daniel Sedin             Todd Bertuzzi            30     1   2  2  
 3 Jay McClement            Tanner Glass             Jeff Halpern             22     1   2  2  
 4 Kyle Brodziak            Kyle Palmieri            Zach Parise              13     1   2  2  

5 vs 5 Defense 
   Defense                  Defense                                           Time % Phy DF OF 
 1 Kevin Bieksa             Kevin Shattenkirk                                 35     1   2  2  
 2 Jamie McBain             Nikita Nikitin                                    30     1   2  2  
 3 Denis Grebeshkov         Philip Larsen                                     22     1   2  2  
 4 Justin Falk              Kevin Bieksa                                      13     1   2  2  

PowerPlay Forward 
   Center                   Left Wing                Right Wing               Time % Phy DF OF 
 1 Logan Couture            Zach Parise              Nathan Gerbe             60     1   2  2  
 2 Jeff Skinner             Daniel Sedin             Todd Bertuzzi            40     1   2  2  

PowerPlay Defense
   Defense                  Defense                                           Time % Phy DF OF 
 1 Kevin Bieksa             Kevin Shattenkirk                                 60     1   2  2  
 2 Jamie McBain             Nikita Nikitin                                    40     1   2  2  

Penalty Kill 4 Players Forward 
   Center                   Wing                     Time % Phy DF OF 
 1 Zach Parise              Logan Couture            60     1   2  2  
 2 Daniel Sedin             Jeff Skinner             40     1   2  2  

Penalty Kill 4 Players Defense
   Defense                  Defense                  Time % Phy DF OF 
 1 Kevin Bieksa             Kevin Shattenkirk        60     1   2  2  
 2 Jamie McBain             Nikita Nikitin           40     1   2  2  

Penalty Kill - 3 Players Forward 
   Forward                                           Time % Phy DF OF 
 1 Zach Parise                                       60     1   2  2  
 2 Logan Couture                                     40     1   2  2  

Penalty Kill - 3 Players Defense
   Defense                  Defense                  Time % Phy DF OF 
 1 Kevin Bieksa             Kevin Shattenkirk        60     1   2  2  
 2 Jamie McBain             Nikita Nikitin           40     1   2  2  

4 vs 4 Forward 
   Center                   Wing                     Time % Phy DF OF 
 1 Zach Parise              Logan Couture            60     1   2  2  
 2 Daniel Sedin             Jeff Skinner             40     1   2  2  

4 vs 4 Defense
   Defense                  Defense                  Time % Phy DF OF 
 1 Kevin Bieksa             Kevin Shattenkirk        60     1   2  2  
 2 Jamie McBain             Nikita Nikitin           40     1   2  2  

Last Minutes Offensive
   Center                   Left Wing                Right Wing               Defense                  Defense                  
   Logan Couture            Zach Parise              Nathan Gerbe             Kevin Bieksa             Kevin Shattenkirk        

Last Minutes Defensive
   Center                   Left Wing                Right Wing               Defense                  Defense                  
   Logan Couture            Zach Parise              Nathan Gerbe             Kevin Bieksa             Kevin Shattenkirk        

Goaltenders
Starting : Tom McCollum             
Backup : Jeff Malcolm             

Extra Forwards
Normal : Jay McClement, Kyle Brodziak, Tanner Glass - PP : Jay McClement, Kyle Brodziak - PK : Tanner Glass
Extra Defensemen
Normal : Kevin Bieksa, Philip Larsen, Justin Falk - PP : Kevin Bieksa - PK : Philip Larsen, Justin Falk
Penalty Shots
Zach Parise, Logan Couture, Daniel Sedin, Jeff Skinner, Jay McClement

% Time on Ice - Capitals

Lines # - Real PCT - Wanted PCT - Time Play
Normal Forward
1 - 24% - 35% - 12:22
2 - 34% - 30% - 17:40
3 - 32% - 22% - 16:23
4 - 10% - 13% - 5:01
Normal Defense
1 - 32% - 35% - 16:14
2 - 36% - 30% - 18:27
3 - 26% - 22% - 13:17
4 - 7% - 13% - 3:28
PP Forward
1 - 66% - 60% - 2:37
2 - 34% - 40% - 1:21
PP Defense
1 - 85% - 60% - 3:23
2 - 15% - 40% - 0:35
PK Forward
1 - 100% - 60% - 4:36
2 - 0% - 40% - 0:00
PK Defense
1 - 66% - 60% - 3:01
2 - 34% - 40% - 1:35
PK3 Forward
1 - 0% - 60%
2 - 0% - 40%
PK3 Defense
1 - 0% - 60%
2 - 0% - 40%
44 Forward
1 - 0% - 60%
2 - 0% - 40%
44 Defense
1 - 0% - 60%
2 - 0% - 40%
Last Minute Offensive  - 0:00
Last Minute Defensive  - 0:00
Total
Forward - 60:00
Defense - 60:00

% Time on Ice - Rangers

Lines # - Real PCT - Wanted PCT - Time Play
Normal Forward
1 - 26% - 35% - 13:34
2 - 33% - 30% - 16:57
3 - 28% - 22% - 14:29
4 - 13% - 13% - 6:26
Normal Defense
1 - 32% - 35% - 16:32
2 - 33% - 30% - 16:44
3 - 25% - 22% - 13:00
4 - 10% - 13% - 5:10
PP Forward
1 - 50% - 60% - 2:18
2 - 50% - 40% - 2:18
PP Defense
1 - 72% - 60% - 3:18
2 - 28% - 40% - 1:18
PK Forward
1 - 82% - 60% - 3:16
2 - 18% - 40% - 0:42
PK Defense
1 - 59% - 60% - 2:20
2 - 41% - 40% - 1:38
PK3 Forward
1 - 0% - 60%
2 - 0% - 40%
PK3 Defense
1 - 0% - 60%
2 - 0% - 40%
44 Forward
1 - 0% - 60%
2 - 0% - 40%
44 Defense
1 - 0% - 60%
2 - 0% - 40%
Last Minute Offensive  - 0:00
Last Minute Defensive  - 0:00
Total
Forward - 60:00
Defense - 60:00

Play by Play

1st period


0:01 of 1st period - Logan Couture wins face-off versus Cory Emmerton in neutral zone.
0:14 of 1st period - Slapshot by Logan Couture.
0:14 of 1st period - Shot Misses the Net.
0:20 of 1st period - Slapshot by Eric Gelinas.
0:20 of 1st period - Deflect By Eric O'Dell.
0:20 of 1st period - Deflect By Logan Couture.
0:20 of 1st period - Shot Misses the Net.
0:20 of 1st period - Puck is out of play.
0:21 of 1st period - David McIntyre wins face-off versus Jeff Skinner in Rangers zone.
0:30 of 1st period - Wrist shot by David McIntyre.
0:30 of 1st period - Stopped by Tom McCollum with a rebound.
0:40 of 1st period - Slapshot by Jeff Skinner.
0:40 of 1st period - Stopped by Jacob Markstrom with a rebound.
1:19 of 1st period - Tyler Brown is hit by Tanner Glass and loses puck.
1:24 of 1st period - Snap shot by Jay McClement.
1:24 of 1st period - Shot Misses the Net.
2:00 of 1st period - Wrist shot by Zach Parise.
2:00 of 1st period - Deflect By Logan Couture.
2:00 of 1st period - Shot Misses the Net.
2:00 of 1st period - Puck is out of play.
2:01 of 1st period - Logan Couture wins face-off versus Cory Emmerton in Capitals zone.
2:28 of 1st period - Brett Clark is hit by Kevin Bieksa and loses puck.
2:43 of 1st period - Zach Parise is hit by Brett Clark and loses puck.
2:54 of 1st period - Kevin Bieksa is hit by Sebastian Stalberg and loses puck.
3:44 of 1st period - Slapshot by Philip Larsen.
3:44 of 1st period - Shot Blocked by Matt Taormina.
4:06 of 1st period - Zachery Davies is hit by Tanner Glass and loses puck.
4:37 of 1st period - Wrist shot by David McIntyre.
4:37 of 1st period - Stopped by Tom McCollum with a rebound.
5:27 of 1st period - Wrist shot by Daniel Sedin.
5:27 of 1st period - Deflect By Jeff Skinner.
5:27 of 1st period - Shot Misses the Net.
5:27 of 1st period - Puck is out of play.
5:28 of 1st period - Jeff Skinner wins face-off versus Tyler Brown in Capitals zone.
5:49 of 1st period - Snap shot by Linus Omark.
5:49 of 1st period - Stopped by Tom McCollum with a rebound.
5:51 of 1st period - Snap shot by Matt Taormina.
5:51 of 1st period - Shot Misses the Net.
5:53 of 1st period - Slapshot by Mark Flood.
5:53 of 1st period - Shot Blocked by Kevin Shattenkirk.
6:09 of 1st period - Mark Flood is hit by Zach Parise and loses puck.
6:16 of 1st period - Nathan Gerbe is hit by Luke Adam and loses puck.
6:29 of 1st period - Slapshot by Eric Gelinas.
6:29 of 1st period - Stopped by Tom McCollum with a rebound.
6:31 of 1st period - Slapshot by Eric Gelinas.
6:31 of 1st period - Stopped by Tom McCollum with a rebound.
6:45 of 1st period - Denis Grebeshkov is hit by Brad Mills and loses puck.
7:18 of 1st period - Slapshot by Jamie McBain.
7:18 of 1st period - Deflect By Jeff Halpern.
7:18 of 1st period - Goal by Jeff Halpern - Capitals : 0 - Rangers : 1.
7:19 of 1st period - Jeff Skinner wins face-off versus Luke Adam in neutral zone.
8:08 of 1st period - Linus Omark is hit by Tanner Glass and loses puck.
8:13 of 1st period - Slapshot by Jamie McBain.
8:13 of 1st period - Shot Misses the Net.
8:15 of 1st period - Snap shot by Jeff Halpern.
8:15 of 1st period - Stopped by Jacob Markstrom with a rebound.
8:17 of 1st period - Slapshot by Jamie McBain.
8:17 of 1st period - Stopped by Jacob Markstrom with a rebound.
8:19 of 1st period - Slapshot by Jamie McBain.
8:19 of 1st period - Deflect By Tanner Glass.
8:19 of 1st period - Shot Blocked by Matt Taormina.
8:19 of 1st period - Puck is out of play.
8:20 of 1st period - Cory Emmerton wins face-off versus Jay McClement in Capitals zone.
8:30 of 1st period - Icing by Jay McClement.
8:31 of 1st period - Tyler Brown wins face-off versus Jay McClement in Rangers zone.
8:38 of 1st period - Wrist shot by Brad Mills.
8:38 of 1st period - Stopped by Tom McCollum without a rebound.
8:39 of 1st period - Jeff Skinner wins face-off versus Tyler Brown in Rangers zone.
9:10 of 1st period - Snap shot by Daniel Sedin.
9:10 of 1st period - Shot Blocked by Ben Youds.
9:12 of 1st period - Slapshot by Justin Falk.
9:12 of 1st period - Stopped by Jacob Markstrom with a rebound.
9:30 of 1st period - Snap shot by Eric Gelinas.
9:30 of 1st period - Deflect By Kevin Bieksa.
9:30 of 1st period - Stopped by Tom McCollum with a rebound.
9:36 of 1st period - Snap shot by Sebastian Stalberg.
9:36 of 1st period - Deflect By Luke Adam.
9:36 of 1st period - Stopped by Tom McCollum with a rebound.
9:38 of 1st period - Wrist shot by Luke Adam.
9:38 of 1st period - Shot Blocked by Tanner Glass.
9:40 of 1st period - Slapshot by Eric Gelinas.
9:40 of 1st period - Goal by Eric Gelinas - Capitals : 1 - Rangers : 1.
9:41 of 1st period - Logan Couture wins face-off versus Cory Emmerton in neutral zone.
10:38 of 1st period - Mark Flood is hit by Jay McClement and loses puck.
10:57 of 1st period - Snap shot by Luke Adam.
10:57 of 1st period - Shot Misses the Net.
11:01 of 1st period - Slapshot by Sebastian Stalberg.
11:01 of 1st period - Stopped by Tom McCollum without a rebound.
11:02 of 1st period - Tyler Brown wins face-off versus Jeff Skinner in Rangers zone.
11:12 of 1st period - Jeff Skinner is hit by Zachery Davies and loses puck.
12:01 of 1st period - Minor Penalty to Brad Mills for Holding.
12:02 of 1st period - Cory Emmerton wins face-off versus Logan Couture in Capitals zone.
12:47 of 1st period - Slapshot by Jeff Skinner.
12:47 of 1st period - Goal by Jeff Skinner - Capitals : 1 - Rangers : 2.
12:48 of 1st period - Luke Adam wins face-off versus Jeff Skinner in neutral zone.
13:09 of 1st period - Snap shot by Sebastian Stalberg.
13:09 of 1st period - Stopped by Tom McCollum with a rebound.
13:11 of 1st period - Slapshot by Matt Taormina.
13:11 of 1st period - Shot Misses the Net.
13:25 of 1st period - Snap shot by David McIntyre.
13:25 of 1st period - Stopped by Tom McCollum with a rebound.
14:08 of 1st period - Kevin Bieksa is hit by Mark Flood.
14:12 of 1st period - Brad Mills is hit by Zach Parise.
14:34 of 1st period - Minor Penalty to Justin Falk for Roughing.
14:35 of 1st period - Zach Parise wins face-off versus Cory Emmerton in Rangers zone.
14:44 of 1st period - Slapshot by Eric Gelinas.
14:44 of 1st period - Shot Blocked by Kevin Shattenkirk.
14:48 of 1st period - Slapshot by Eric Gelinas.
14:48 of 1st period - Stopped by Tom McCollum without a rebound.
14:49 of 1st period - Cory Emmerton wins face-off versus Zach Parise in Rangers zone.
14:52 of 1st period - Wrist shot by Eric O'Dell.
14:52 of 1st period - Deflect By Cory Emmerton.
14:52 of 1st period - Shot Misses the Net.
14:52 of 1st period - Puck is out of play.
14:53 of 1st period - Zach Parise wins face-off versus Cory Emmerton in Rangers zone.
15:20 of 1st period - Icing by Cory Emmerton.
15:21 of 1st period - Zach Parise wins face-off versus Cory Emmerton in Capitals zone.
15:47 of 1st period - Icing by Brett Clark.
15:48 of 1st period - Zach Parise wins face-off versus Cory Emmerton in Capitals zone.
16:34 of 1st period - Penalty to Justin Falk is over, Justin Falk is back on ice.
17:09 of 1st period - Off-side.
17:10 of 1st period - Kyle Jean wins face-off versus Jeff Skinner in neutral zone.
17:21 of 1st period - Slapshot by Jeff Skinner.
17:21 of 1st period - Deflect By Daniel Sedin.
17:21 of 1st period - Stopped by Jacob Markstrom without a rebound.
17:22 of 1st period - Jeff Skinner wins face-off versus Kyle Jean in Capitals zone.
18:11 of 1st period - Slapshot by Matt Taormina.
18:11 of 1st period - Shot Misses the Net.
18:31 of 1st period - Brett Clark is hit by Kevin Bieksa and loses puck.
18:58 of 1st period - Snap shot by Kyle Palmieri.
18:58 of 1st period - Stopped by Jacob Markstrom with a rebound.
19:00 of 1st period - Slapshot by Philip Larsen.
19:00 of 1st period - Shot Misses the Net.
19:02 of 1st period - Slapshot by Kyle Brodziak.
19:02 of 1st period - Shot Misses the Net.
19:04 of 1st period - Slapshot by Denis Grebeshkov.
19:04 of 1st period - Stopped by Jacob Markstrom with a rebound.
19:28 of 1st period - Wrist shot by Todd Bertuzzi.
19:28 of 1st period - Shot Blocked by Brett Clark.
Goals for this period are 1 for Capitals vs 2 for Rangers.
Shots for this period are 13 for Capitals vs 9 for Rangers.

2nd period


0:01 of 2nd period - Cory Emmerton wins face-off versus Logan Couture in neutral zone.
0:06 of 2nd period - Snap shot by Eric O'Dell.
0:06 of 2nd period - Shot Blocked by Kevin Bieksa.
0:08 of 2nd period - Slapshot by Eric Gelinas.
0:08 of 2nd period - Stopped by Tom McCollum without a rebound.
0:09 of 2nd period - Logan Couture wins face-off versus Cory Emmerton in Rangers zone.
1:08 of 2nd period - Kevin Shattenkirk is hit by Luke Adam and loses puck.
1:30 of 2nd period - David McIntyre is hit by Kevin Shattenkirk and loses puck.
1:39 of 2nd period - Minor Penalty to Tanner Glass for Hooking.
1:40 of 2nd period - Zach Parise wins face-off versus Cory Emmerton in Rangers zone.
1:49 of 2nd period - Wrist shot by Logan Couture.
1:49 of 2nd period - Stopped by Jacob Markstrom with a rebound.
1:51 of 2nd period - Slapshot by Jamie McBain.
1:51 of 2nd period - Deflect By Eric O'Dell.
1:51 of 2nd period - Goal by Jamie McBain - Capitals : 1 - Rangers : 3.
1:52 of 2nd period - Cory Emmerton wins face-off versus Zach Parise in neutral zone.
2:09 of 2nd period - Slapshot by Eric Gelinas.
2:09 of 2nd period - Shot Misses the Net.
2:19 of 2nd period - Slapshot by Eric Gelinas.
2:19 of 2nd period - Shot Blocked by Nikita Nikitin.
2:37 of 2nd period - David McIntyre is hit by Jamie McBain and loses puck.
2:53 of 2nd period - Kevin Bieksa is hit by Luke Adam and loses puck.
3:15 of 2nd period - Slapshot by Jeff Skinner.
3:15 of 2nd period - Goal by Jeff Skinner - Capitals : 1 - Rangers : 4.
3:15 of 2nd period - Cristopher Nilstorp enters game.
3:16 of 2nd period - Eric O'Dell wins face-off versus Zach Parise in neutral zone.
3:31 of 2nd period - Slapshot by Matt Taormina.
3:31 of 2nd period - Shot Blocked by Kevin Shattenkirk.
3:39 of 2nd period - Penalty to Tanner Glass is over, Tanner Glass is back on ice.
3:53 of 2nd period - Kevin Shattenkirk is hit by Cory Emmerton and loses puck.
4:11 of 2nd period - Slapshot by Brad Mills.
4:11 of 2nd period - Shot Misses the Net.
5:11 of 2nd period - Slapshot by Eric Gelinas.
5:11 of 2nd period - Shot Blocked by Daniel Sedin.
5:13 of 2nd period - Slapshot by Sebastian Stalberg.
5:13 of 2nd period - Stopped by Tom McCollum with a rebound.
5:15 of 2nd period - Snap shot by Luke Adam.
5:15 of 2nd period - Stopped by Tom McCollum without a rebound.
5:16 of 2nd period - Kyle Brodziak wins face-off versus Kyle Jean in Rangers zone.
5:21 of 2nd period - Mark Flood is hit by Kyle Palmieri and loses puck.
5:28 of 2nd period - Wrist shot by Kyle Palmieri.
5:28 of 2nd period - Stopped by Cristopher Nilstorp with a rebound.
5:40 of 2nd period - Slapshot by Mark Flood.
5:40 of 2nd period - Deflect By Cory Emmerton.
5:40 of 2nd period - Stopped by Tom McCollum with a rebound.
6:04 of 2nd period - Snap shot by Logan Couture.
6:04 of 2nd period - Stopped by Cristopher Nilstorp with a rebound.
6:50 of 2nd period - Snap shot by Daniel Sedin.
6:50 of 2nd period - Shot Misses the Net.
7:52 of 2nd period - Philip Larsen is hit by Linus Omark.
8:22 of 2nd period - Kyle Brodziak is hit by Matt Taormina and loses puck.
8:35 of 2nd period - Matt Taormina is hit by Todd Bertuzzi and loses puck.
8:42 of 2nd period - Nikita Nikitin is hit by Cory Emmerton and loses puck.
9:03 of 2nd period - Slapshot by Eric Gelinas.
9:03 of 2nd period - Shot Blocked by Nikita Nikitin.
9:05 of 2nd period - Backhand shot by Brett Clark.
9:05 of 2nd period - Shot Hit the Post.
9:07 of 2nd period - Wrist shot by Ben Youds.
9:07 of 2nd period - Shot Blocked by Logan Couture.
9:31 of 2nd period - Jay McClement is hit by Ben Youds and loses puck.
10:02 of 2nd period - Matt Taormina is hit by Kyle Brodziak and loses puck.
10:55 of 2nd period - Brett Clark is hit by Zach Parise and loses puck.
11:53 of 2nd period - Snap shot by Jeff Skinner.
11:53 of 2nd period - Shot Misses the Net.
11:55 of 2nd period - Wrist shot by Todd Bertuzzi.
11:55 of 2nd period - Stopped by Cristopher Nilstorp without a rebound.
11:56 of 2nd period - Eric O'Dell wins face-off versus Jeff Skinner in Capitals zone.
12:48 of 2nd period - Mark Flood is hit by Tanner Glass and loses puck.
13:01 of 2nd period - Wrist shot by Jamie McBain.
13:01 of 2nd period - Shot Blocked by Eric O'Dell.
13:17 of 2nd period - Daniel Sedin is hit by Luke Adam and loses puck.
13:33 of 2nd period - Icing by Luke Adam.
13:34 of 2nd period - Kyle Brodziak wins face-off versus Luke Adam in Capitals zone.
13:49 of 2nd period - Kyle Brodziak is hit by Brad Mills and loses puck.
14:18 of 2nd period - Nathan Gerbe is hit by Kyle Jean and loses puck.
14:43 of 2nd period - Slapshot by Jay McClement.
14:43 of 2nd period - Stopped by Cristopher Nilstorp with a rebound.
15:03 of 2nd period - David McIntyre is hit by Nikita Nikitin and loses puck.
15:09 of 2nd period - Minor Penalty to Matt Taormina for Elbowing.
15:10 of 2nd period - Logan Couture wins face-off versus Cory Emmerton in Capitals zone.
15:50 of 2nd period - Slapshot by Kevin Shattenkirk.
15:50 of 2nd period - Shot Blocked by Mark Flood.
15:52 of 2nd period - Backhand shot by Kevin Shattenkirk.
15:52 of 2nd period - Stopped by Cristopher Nilstorp with a rebound.
15:54 of 2nd period - Slapshot by Kevin Bieksa.
15:54 of 2nd period - Deflect By Jeff Skinner.
15:54 of 2nd period - Goal by Jeff Skinner - Capitals : 1 - Rangers : 5.
15:55 of 2nd period - Jay McClement wins face-off versus Luke Adam in neutral zone.
15:58 of 2nd period - Snap shot by Jamie McBain.
15:58 of 2nd period - Deflect By Jeff Halpern.
15:58 of 2nd period - Shot Misses the Net.
15:58 of 2nd period - Puck is out of play.
15:59 of 2nd period - Jay McClement wins face-off versus Luke Adam in Capitals zone.
16:22 of 2nd period - Slapshot by Nikita Nikitin.
16:22 of 2nd period - Goal by Nikita Nikitin - Capitals : 1 - Rangers : 6.
16:23 of 2nd period - Jeff Skinner wins face-off versus Tyler Brown in neutral zone.
17:20 of 2nd period - Logan Couture is hit by Eric Gelinas and loses puck.
17:32 of 2nd period - Snap shot by Zach Parise.
17:32 of 2nd period - Shot Blocked by Eric Gelinas.
17:48 of 2nd period - Slapshot by Logan Couture.
17:48 of 2nd period - Shot Misses the Net.
17:50 of 2nd period - Snap shot by Logan Couture.
17:50 of 2nd period - Stopped by Cristopher Nilstorp without a rebound.
17:51 of 2nd period - Luke Adam wins face-off versus Jay McClement in Capitals zone.
18:00 of 2nd period - Slapshot by Philip Larsen.
18:00 of 2nd period - Shot Blocked by Matt Taormina.
18:08 of 2nd period - Wrist shot by Jay McClement.
18:08 of 2nd period - Stopped by Cristopher Nilstorp without a rebound.
18:09 of 2nd period - Jay McClement wins face-off versus Luke Adam in Capitals zone.
18:12 of 2nd period - Slapshot by Tanner Glass.
18:12 of 2nd period - Stopped by Cristopher Nilstorp with a rebound.
18:14 of 2nd period - Slapshot by Denis Grebeshkov.
18:14 of 2nd period - Stopped by Cristopher Nilstorp without a rebound.
18:15 of 2nd period - Logan Couture wins face-off versus Tyler Brown in Capitals zone.
18:18 of 2nd period - Wrist shot by Logan Couture.
18:18 of 2nd period - Stopped by Cristopher Nilstorp without a rebound.
18:19 of 2nd period - Logan Couture wins face-off versus Tyler Brown in Capitals zone.
19:14 of 2nd period - Eric O'Dell is hit by Kevin Shattenkirk and loses puck.
19:35 of 2nd period - Snap shot by Daniel Sedin.
19:35 of 2nd period - Shot Blocked by Cory Emmerton.
19:52 of 2nd period - Off-side.
19:53 of 2nd period - Jay McClement wins face-off versus Luke Adam in neutral zone.
19:58 of 2nd period - Wrist shot by Jay McClement.
19:58 of 2nd period - Shot Misses the Net.
Goals for this period are 0 for Capitals vs 4 for Rangers.
Shots for this period are 4 for Capitals vs 15 for Rangers.

3rd period


0:01 of 3rd period - Logan Couture wins face-off versus Cory Emmerton in neutral zone.
0:24 of 3rd period - Wrist shot by Nathan Gerbe.
0:24 of 3rd period - Goal by Nathan Gerbe - Capitals : 1 - Rangers : 7.
0:25 of 3rd period - Logan Couture wins face-off versus Luke Adam in neutral zone.
0:38 of 3rd period - Snap shot by Luke Adam.
0:38 of 3rd period - Shot Blocked by Kevin Shattenkirk.
1:14 of 3rd period - Sebastian Stalberg is hit by Kevin Bieksa and loses puck.
2:29 of 3rd period - Slapshot by Matt Taormina.
2:29 of 3rd period - Shot Blocked by Jamie McBain.
2:31 of 3rd period - Snap shot by Tyler Brown.
2:31 of 3rd period - Stopped by Tom McCollum with a rebound.
2:33 of 3rd period - Snap shot by Tyler Brown.
2:33 of 3rd period - Shot Blocked by Jamie McBain.
2:35 of 3rd period - Slapshot by Zachery Davies.
2:35 of 3rd period - Shot Misses the Net.
2:37 of 3rd period - Slapshot by Zachery Davies.
2:37 of 3rd period - Shot Misses the Net.
2:39 of 3rd period - Backhand shot by Brad Mills.
2:39 of 3rd period - Goal by Brad Mills - Capitals : 2 - Rangers : 7.
2:40 of 3rd period - Nathan Gerbe wins face-off versus Tyler Brown in neutral zone.
2:47 of 3rd period - Wrist shot by Brad Mills.
2:47 of 3rd period - Shot Misses the Net.
2:49 of 3rd period - Snap shot by Ben Youds.
2:49 of 3rd period - Shot Misses the Net.
2:51 of 3rd period - Snap shot by Tyler Brown.
2:51 of 3rd period - Shot Misses the Net.
2:53 of 3rd period - Snap shot by Tyler Brown.
2:53 of 3rd period - Stopped by Tom McCollum without a rebound.
2:54 of 3rd period - Logan Couture wins face-off versus Tyler Brown in Rangers zone.
3:11 of 3rd period - Wrist shot by Logan Couture.
3:11 of 3rd period - Stopped by Cristopher Nilstorp with a rebound.
3:48 of 3rd period - Slapshot by Eric Gelinas.
3:48 of 3rd period - Deflect By Linus Omark.
3:48 of 3rd period - Shot Misses the Net.
3:48 of 3rd period - Puck is out of play.
3:49 of 3rd period - Daniel Sedin wins face-off versus Cory Emmerton in Rangers zone.
4:31 of 3rd period - Slapshot by Jamie McBain.
4:31 of 3rd period - Shot Misses the Net.
4:37 of 3rd period - Jamie McBain is hit by David McIntyre and loses puck.
4:44 of 3rd period - Wrist shot by Luke Adam.
4:44 of 3rd period - Stopped by Tom McCollum with a rebound.
4:52 of 3rd period - Wrist shot by Luke Adam.
4:52 of 3rd period - Shot Misses the Net.
4:58 of 3rd period - Luke Adam is hit by Tanner Glass and loses puck.
5:28 of 3rd period - Wrist shot by Kyle Palmieri.
5:28 of 3rd period - Shot Misses the Net.
5:30 of 3rd period - Wrist shot by Kyle Brodziak.
5:30 of 3rd period - Shot Blocked by Jeremy Langlois.
5:32 of 3rd period - Slapshot by Kevin Bieksa.
5:32 of 3rd period - Shot Blocked by Matt Taormina.
5:38 of 3rd period - Snap shot by Zach Parise.
5:38 of 3rd period - Stopped by Cristopher Nilstorp with a rebound.
5:40 of 3rd period - Slapshot by Kevin Bieksa.
5:40 of 3rd period - Shot Misses the Net.
6:28 of 3rd period - Snap shot by Linus Omark.
6:28 of 3rd period - Shot Misses the Net.
6:30 of 3rd period - Slapshot by Ben Youds.
6:30 of 3rd period - Shot Misses the Net.
6:32 of 3rd period - Slapshot by Ben Youds.
6:32 of 3rd period - Stopped by Tom McCollum with a rebound.
6:34 of 3rd period - Snap shot by Cory Emmerton.
6:34 of 3rd period - Deflect By Linus Omark.
6:34 of 3rd period - Stopped by Tom McCollum with a rebound.
6:36 of 3rd period - Slapshot by Ben Youds.
6:36 of 3rd period - Deflect By Cory Emmerton.
6:36 of 3rd period - Shot Misses the Net.
6:36 of 3rd period - Puck is out of play.
6:37 of 3rd period - Jay McClement wins face-off versus Kyle Jean in Rangers zone.
6:53 of 3rd period - Icing by Zachery Davies.
6:54 of 3rd period - Jay McClement wins face-off versus Kyle Jean in Capitals zone.
7:13 of 3rd period - Snap shot by Jay McClement.
7:13 of 3rd period - Shot Misses the Net.
7:37 of 3rd period - Daniel Sedin is hit by Sebastian Stalberg and loses puck.
9:42 of 3rd period - Off-side.
9:43 of 3rd period - Daniel Sedin wins face-off versus Cory Emmerton in neutral zone.
9:45 of 3rd period - Kevin Shattenkirk is hit by Zachery Davies and loses puck.
10:30 of 3rd period - Zach Parise is hit by David McIntyre and loses puck.
10:46 of 3rd period - Off-side.
10:47 of 3rd period - Jay McClement wins face-off versus Kyle Jean in neutral zone.
10:56 of 3rd period - Slapshot by Matt Taormina.
10:56 of 3rd period - Shot Blocked by Jay McClement.
11:12 of 3rd period - Slapshot by Jamie McBain.
11:12 of 3rd period - Shot Misses the Net.
12:11 of 3rd period - Kyle Brodziak is hit by Jeremy Langlois and loses puck.
12:22 of 3rd period - Minor Penalty to Brett Clark for Tripping.
12:23 of 3rd period - Jeff Skinner wins face-off versus Cory Emmerton in Capitals zone.
12:28 of 3rd period - Snap shot by Daniel Sedin.
12:28 of 3rd period - Shot Blocked by Eric Gelinas.
12:34 of 3rd period - Slapshot by Jeff Skinner.
12:34 of 3rd period - Shot Blocked by Eric Gelinas.
12:48 of 3rd period - Snap shot by Jeff Skinner.
12:48 of 3rd period - Shot Misses the Net.
13:02 of 3rd period - Wrist shot by Logan Couture.
13:02 of 3rd period - Shot Blocked by Brad Mills.
14:08 of 3rd period - Eric O'Dell is hit by Daniel Sedin and loses puck.
14:22 of 3rd period - Penalty to Brett Clark is over, Brett Clark is back on ice.
14:33 of 3rd period - Eric Gelinas is hit by Kevin Bieksa.
15:09 of 3rd period - Snap shot by Jay McClement.
15:09 of 3rd period - Goal by Jay McClement - Capitals : 2 - Rangers : 8.
15:10 of 3rd period - Jay McClement wins face-off versus Luke Adam in neutral zone.
16:30 of 3rd period - Brad Mills is hit by Todd Bertuzzi and loses puck.
17:05 of 3rd period - Brett Clark is hit by Jeff Halpern and loses puck.
17:20 of 3rd period - Sebastian Stalberg is hit by Denis Grebeshkov.
17:28 of 3rd period - Wrist shot by Sebastian Stalberg.
17:28 of 3rd period - Stopped by Tom McCollum with a rebound.
18:13 of 3rd period - Off-side.
18:14 of 3rd period - Tyler Brown wins face-off versus Jeff Skinner in neutral zone.
18:35 of 3rd period - Wrist shot by Logan Couture.
18:35 of 3rd period - Stopped by Cristopher Nilstorp with a rebound.
18:45 of 3rd period - Slapshot by Logan Couture.
18:45 of 3rd period - Deflect By Zach Parise.
18:45 of 3rd period - Stopped by Cristopher Nilstorp with a rebound.
18:53 of 3rd period - Minor Penalty to Eric Gelinas for High sticking.
18:54 of 3rd period - Jeff Skinner wins face-off versus Cory Emmerton in Capitals zone.
18:59 of 3rd period - Kevin Bieksa is hit by Matt Taormina.
19:37 of 3rd period - Slapshot by Logan Couture.
19:37 of 3rd period - Stopped by Cristopher Nilstorp with a rebound.
19:39 of 3rd period - Snap shot by Nikita Nikitin.
19:39 of 3rd period - Shot Blocked by Matt Taormina.
19:41 of 3rd period - Slapshot by Jamie McBain.
19:41 of 3rd period - Stopped by Cristopher Nilstorp with a rebound.
19:43 of 3rd period - Slapshot by Nikita Nikitin.
19:43 of 3rd period - Deflect By Logan Couture.
19:43 of 3rd period - Stopped by Cristopher Nilstorp without a rebound.
19:44 of 3rd period - Cory Emmerton wins face-off versus Nathan Gerbe in Capitals zone.
Goals for this period are 1 for Capitals vs 2 for Rangers.
Shots for this period are 7 for Capitals vs 9 for Rangers.


Output by the SimonT Hockey Simulator (STHS) for Eric Dolegowski -- Original Page W3C XHTML 1.0 Valid
Hockey Simulator - Hockey Simulation - Hockey Manager